 Dungeon Crawl Stone Soup version 0.30.1-3-gfc49f6343a (webtiles) character file.

Game seed: 15212574200822546021

478 zeram the Cudgeller (level 6, -7/79 HPs)
             Began as a Troll Summoner on July 24, 2023.
             Killed by divine providence
             ... invoked by an orc priest
              (9 damage)
             ... on level 5 of the Dungeon.
             The game lasted 00:08:30 (3947 turns).

zeram the Cudgeller (Troll Summoner)                Turns: 3947, Time: 00:08:31

Health: -7/79      AC: 23    Str: 17    XL:     6   Next: 86%
Magic:  6/6        EV:  1    Int: 13    God:
Gold:   314        SH:  0    Dex: 10    Spells: 4/7 levels left

rFire   . . .        r - +1 giant spiked club
rCold   . . .        (shield currently unavailable)
rNeg    . . .        l - melded +2 robe {Archmagi}
rPois   +            (helmet currently unavailable)
rElec   .            a - melded +0 cloak
rCorr   .            (gloves unavailable)
SInv    .            (boots unavailable)
Will    .....        (no amulet)
Stlth   +            k - ring of wizardry
HPRegen 1.13/turn    (no ring)
MPRegen 0.10/turn

%: wizardry (x1)
@: lethally poisoned (-7 -> -12), tree-form
A: stationary, stasis, torment immunity, boosted hp, large, unfitting armour,
(claws 3), regeneration 1, (shaggy fur 1), (tough skin 1)
a: no special abilities


You were on level 5 of the Dungeon.
You were a tree.
You visited 1 branch of the dungeon, and saw 5 of its levels.

You collected 314 gold pieces.

Inventory:

Hand Weapons
 c - a +2 hammer of draining
 h - a +1 whip
 q - a +3 whip
 r - a +1 giant spiked club (weapon)
Armour
 a - a +0 cloak (melded)
 l - a +2 robe of the Archmagi (melded)
Jewellery
 k - a ring of wizardry (left branch)
 o - a +6 ring of dexterity
Wands
 j - a wand of mindburst (18)
Scrolls
 n - 2 scrolls of fog
Potions
 b - 2 potions of magic
 d - a potion of flight {unknown}
 e - 2 potions of cancellation
 f - a potion of ambrosia {unknown}
 g - a potion of degeneration
 i - a potion of might {unknown}
 p - a potion of lignification


   Skills:
 + Level 4.4 Maces & Flails
 + Level 3.7 Dodging
 - Level 1.0 Stealth
 + Level 1.3 Spellcasting
 + Level 3.7 Summonings


You had 4 spell levels left.
You knew the following spells:

 Your Spells              Type           Power      Damage    Failure   Level
a - Summon Small Mammal   Summ           40%        N/A       2%          1
b - Call Imp              Summ           20%        N/A       3%          2

Your spell library contained the following spells:

 Spells                   Type           Power      Damage    Failure   Level
 Call Canine Familiar     Summ           10%        N/A       8%          3
 Ensorcelled Hibernation  Hex/Ice        0%         N/A       16%         2
 Passwall                 Tmut/Erth      0%         N/A       16%         2
 Scorch                   Fire           0%         2d5       16%         2
 Summon Guardian Golem    Hex/Summ       5%         N/A       16%         3
 Swiftness                Air            0%         N/A       32%         3
 Vhi's Electric Charge    Tloc/Air       0%         N/A       32%         3
 Summon Lightning Spire   Summ/Air       5%         N/A       43%         4
 Flame Wave               Conj/Fire      0%         2d4       69%         4
 Arcjolt                  Conj/Air       0%         1d10      95%         5
 Summon Cactus Giant      Summ           5%         N/A       97%         6
 Maxwell's Capacitive Co  Air            0%         ∞         100%        8


Dungeon Overview and Level Annotations

Branches:
Dungeon (5/15)
 Temple: D:4-7

Altars:
Dithmenos
Okawaru
Vehumet


Innate Abilities, Weirdness & Mutations

You are a tree.
Your roots penetrate the ground, keeping you stationary.
You cannot be teleported.
You are immune to unholy pain and torment.
Your maximum health is greatly increased.
Your equipment is partially melded.
You are too large for most types of armour.
((You have claws for hands.))
Your natural rate of healing is unusually fast.
((You are covered in fur. (AC +1)))
((You have tough skin. (AC +1)))


Message History

You hit the orc priest but do no damage.
The orc priest is moderately wounded.
You feel extremely sick. The orc hits you but does no damage.
The orc priest hits you but does no damage.
The orc hits you but does no damage.
Unknown command.
You completely miss the orc priest.
The orc priest is moderately wounded.
You feel very sick. The orc hits you but does no damage.
The orc priest hits you but does no damage.
You are more poisoned.
The orc hits you but does no damage. x2
The orc priest hits you but does no damage.
The orc hits you but does no damage.
You barely miss the orc priest.
The orc priest is moderately wounded.
You feel extremely sick. The orc hits you but does no damage.
The orc priest hits you with a +0 short sword of venom.
* * * LOW HITPOINT WARNING * * *
The orc hits you but does no damage. x3
The orc priest hits you with a +0 short sword of venom.
* * * LOW HITPOINT WARNING * * *
You hit the orc priest.
The orc priest is heavily wounded.
You feel very sick. The orc hits you but does no damage.
The orc priest hits you but does no damage.
You are lethally poisoned!
The orc hits you but does no damage.
You closely miss the orc priest.
The orc priest is heavily wounded.
* * * LOW HITPOINT WARNING * * *
You feel very sick. The orc hits you but does no damage.
The orc priest mumbles some strange prayers to Beogh against you.
Beogh smites you!
You die...

##............
###.............
................
#.............
#.............
#.............
##............
####.o...#.....
#..o♣##.#######
#...o.......#
#...........#
#...........#
#...........#
#.......†...#
.............#
###...........#
#........^..###


You could see an orc priest and 2 orcs.

Vanquished Creatures
  An ogre (D:5)
  A gnoll bouda (D:3)
  Crazy Yiuf (D:4)
  A sleepcap (D:5)
  5 iguanas
  4 adders
  4 gnolls
  A white imp (D:5)
  An ufetubus (D:4)
  5 worms
  2 dart slugs
  An orc (D:5)
  13 ball pythons
  7 endoplasms
  2 giant cockroaches
  8 goblins
  8 hobgoblins
  6 kobolds
  4 quokkas
  5 bats
  3 frilled lizards (D:3)
  5 rats
88 creatures vanquished.

Notes
Turn   | Place    | Note
-------+----------+-------------------------------------------
     0 | D:1      | zeram the Troll Summoner began the quest for the Orb.
     0 | D:1      | Reached XP level 1. HP: 16/16 MP: 1/1
   234 | D:1      | Reached XP level 2. HP: 24/24 MP: 2/2
   515 | D:1      | Learned a level 2 spell: Call Imp
   649 | D:1      | You fall into a shaft and drop 1 floor!
   806 | D:2      | Reached XP level 3. HP: 31/31 MP: 3/3
  1642 | D:3      | Reached skill level 1 in Maces & Flails
  1673 | D:3      | Reached XP level 4. HP: 27/39 MP: 4/4
  1814 | D:3      | Found a shadowy altar of Dithmenos.
  2315 | D:3      | Reached skill level 2 in Maces & Flails
  2390 | D:3      | Reached XP level 5. HP: 12/45 MP: 5/5
  2599 | D:4      | Found a runed translucent door.
  2600 | D:4      | Noticed Crazy Yiuf
  2639 | D:4      | Found a radiant altar of Vehumet.
  2721 | D:3      | Reached skill level 3 in Maces & Flails
  3363 | D:4      | Found an iron altar of Okawaru.
  3628 | D:4      | Killed Crazy Yiuf
  3629 | D:4      | Reached XP level 6. HP: 53/53 MP: 6/6
  3658 | D:5      | Entered Level 5 of the Dungeon
  3839 | D:5      | Reached skill level 4 in Maces & Flails
  3947 | D:5      | HP: 2/79 [poisoned by an orc priest]
  3947 | D:5      | Killed from afar by an orc priest

Illustrated notes

Levels and vault maps discovered:
D:1:      dpeg_arrival_short_road, layout_loops_corners, minmay_tripent
D:2:      kennysheep_six_static_rooms, layout_loops_ring
D:3:      layout_rooms, lemuel_crystal_altar
D:4:      layout_layer_cave, nicolae_vehumet_altar_sigil,
          mainiacjoe_overflow_surrounded_room, uniq_crazy_yiuf_cottage
D:5:      layout_rooms, ebering_ghost_disaster_area, kennysheep_generic_room_10

Skill      XL: |  1  2  3  4  5  6 |
---------------+-------------------+-----
Summonings     | 3 |  3.7
Dodging        | 2 3 |  3.7
Maces & Flails | 1 2 3 4 |  4.4
Stealth        | |  1.0
Spellcasting   | |  1.3

Action                     |  1- 3 |  4- 6 || total
---------------------------+-------+-------++-------
  Melee: Unarmed           |    22 |       ||    22
         Whip              |   163 |   261 ||   424
         Punch             |     2 |       ||     2
         Mace              |       |    27 ||    27
         Giant spiked club |       |    17 ||    17
    Use: Scroll            |     7 |     7 ||    14
         Potion            |       |     6 ||     6
   Stab: Sleeping          |     2 |     1 ||     3
 Armour: Robe              |    74 |   138 ||   212
         Skin              |       |    20 ||    20
  Dodge: Dodged            |    96 |   184 ||   280
